 Dungeon Crawl Stone Soup version 0.31.0-9-g3a7656b989 (webtiles) character file.

Game seed: 17043536407914212737

149133 GordonOverkill the Severer (level 16, -8/149 HPs)
             Began as a Minotaur Alchemist on Jan 30, 2024.
             Was an Elder of Ru.
             Killed from afar by a salamander tyrant (16 damage)
             ... on level 4 of the Snake Pit on Jan 31, 2024.
             The game lasted 01:01:49 (39932 turns).

GordonOverkill the Severer (Minotaur Alchemist)    Turns: 39932, Time: 01:01:50

Health: -8/149     AC: 25    Str: 21    XL:     16   Next: 95%
Magic:  15/15      EV: 10    Int:  8    God:    Ru [****..]
Gold:   2292       SH: 33    Dex: 11    Spells: 17/17 levels left

rFire   + . .        v - +7 broad axe (venom)
rCold   + . .        Q - +10 tower shield of Ignorance {rN+ Int-4}
rNeg    + . .        O - +0 ring mail "Cutriadaa" {rPois Stlth+}
rPois   +            r - +2 hat
rElec   +            L - +1 cloak
rCorr   +            Y - +2 pair of gloves
SInv    .            C - +1 pair of boots
Will    .....        P - amulet of reflection Stlth
                     X - +4 ring of protection
HPRegen 0.44/turn    d - +4 ring of protection
MPRegen 0.14/turn

%: reflection
@: resistant, weak-willed, hasted and slowed, invisible
A: horns 2, low MP 1, no stealth, hated by all, no earth magic, no necromancy
magic, no alchemy magic, retaliatory headbutt, no forms
a: Renounce Religion, Draw Out Power, Power Leap


You were on level 4 of the Snake Pit.
You worshipped Ru.
Ru was greatly pleased with you.
You visited 4 branches of the dungeon, and saw 26 of its levels.
You also visited: Gauntlet and Ice Cave.

You collected 3702 gold pieces.
You spent 1410 gold pieces at shops.

Inventory:

Hand Weapons
 o - the +1 broad axe of Ciasohif {holy, ^Fragile rCorr Int+2 Stlth+}
   (You bought it in a shop on level 2 of the Orcish Mines)

   Int+2:     It affects your intelligence (+2).
   rCorr:     It protects you from acid and corrosion.
   ^Fragile:  It will be destroyed if unequipped.
   Stlth+:    It makes you more stealthy.
 v - a +7 broad axe of venom (weapon)
 D - a +1 morningstar of freezing
Missiles
 a - 15 boomerangs (quivered)
 t - 3 curare-tipped darts
Armour
 r - a +2 hat (worn)
 C - a +1 pair of boots (worn)
 J - +0 acid dragon scales
 L - a +1 cloak (worn)
 O - the +0 ring mail "Cutriadaa" (worn) {rPois Stlth+}
   (You found it on level 3 of the Snake Pit)

   rPois:     It protects you from poison Stlth+: It makes you more stealthy.
 Q - the +10 tower shield of Ignorance (worn) {rN+ Int-4}
   (You found it on level 3 of the Lair of Beasts)

   Int-4:     It affects your intelligence (-4).
   rN+:       It protects you from negative energy.
 T - a +2 plate armour of cold resistance
 Y - a +2 pair of gloves (worn)
Jewellery
 d - a +4 ring of protection (right hand)
 e - an amulet of regeneration
 z - a ring of resist corrosion
 A - a +6 ring of dexterity
 P - an amulet of reflection (around neck)
 S - a ring of protection from cold
 X - a +4 ring of protection (left hand)
Wands
 c - a wand of flame (53)
 k - a wand of quicksilver (5)
 u - a wand of digging (3)
 w - a wand of roots (10)
 G - a wand of mindburst (1)
 I - a wand of polymorph (14)
Scrolls
 f - 8 scrolls of teleportation
 g - 7 scrolls of enchant armour
 j - a scroll of immolation
 l - 7 scrolls of revelation
 m - 4 scrolls of vulnerability
 H - 5 scrolls of identify
 M - 2 scrolls of silence
Potions
 b - a potion of magic
 n - 5 potions of lignification
 q - a potion of invisibility
 s - 4 potions of resistance
 B - 6 potions of enlightenment
 F - a potion of cancellation
 K - 2 potions of mutation
 N - 2 potions of brilliance
 U - a potion of might
Miscellaneous
 y - a condenser vane
 R - a phial of floods
 V - a lightning rod (4/4)


   Skills:
 - Level 15.0 Fighting
 - Level 20.0 Axes
 - Level 10.0 Armour
 - Level 2.1 Dodging
 - Level 15.0 Shields
 - Level 1.3 Spellcasting
 - Level 0.6 Conjurations
 + Level 16.2 Evocations


You had 17 spell levels left.
You didn't know any spells.
Your spell library contained the following spells:

 Spells                   Type           Power      Damage    Failure   Level
 Static Discharge         Conj/Air       2%         3-4/arc   91%         2
 Lesser Beckoning         Tloc           0%         N/A       93%         2
 Gell's Gravitas          Tloc           0%         N/A       99%         3
 Hailstorm                Conj/Ice       1%         3d5       99%         3
 Teleport Other           Tloc           0%         N/A       99%         3
 Volatile Blastmotes      Fire/Tloc      0%         2d10      99%         3
 Airstrike                Air            0%         2d(0-16)  100%        4
 Dimensional Bullseye     Hex/Tloc       0%         N/A       100%        4
 Iskenderun's Mystic Bla  Conj/Tloc      1%         2d3       100%        4
 Manifold Assault         Tloc           0%         N/A       100%        4
 Passage of Golubria      Tloc           0%         N/A       100%        4
 Silence                  Hex/Air        0%         N/A       100%        5
 Dispersal                Tloc           0%         N/A       100%        6
 Plasma Beam              Fire/Air       0%         2x1d10    100%        6
 Disjunction              Tloc           0%         N/A       100%        8
 Sting                    Conj/Alch      Unusable   1d3       N/A         1
 Necrotise                Necr           Unusable   1d4       N/A         1
 Mercury Vapours          Alch/Air       Unusable   N/A       N/A         2
 Mephitic Cloud           Conj/Alch/Air  Unusable   N/A       N/A         3
 Summon Ice Beast         Ice/Summ       Unusable   N/A       N/A         3
 Tukima's Dance           Hex            Unusable   N/A       N/A         3
 Vampiric Draining        Necr           Unusable   2d6       N/A         3
 Animate Dead             Necr           Unusable   N/A       N/A         4
 Fulminant Prism          Conj/Alch      Unusable   3d5       N/A         4
 Martyr's Knell           Necr/Summ      Unusable   N/A       N/A         4
 Olgreb's Toxic Radiance  Alch           Unusable   N/A       N/A         4
 Petrify                  Alch/Erth      Unusable   N/A       N/A         4
 Sticky Flame             Fire/Alch      Unusable   2d4       N/A         4
 Summon Lightning Spire   Summ/Air       Unusable   N/A       N/A         4
 Borgnjor's Vile Clutch   Necr/Erth      Unusable   N/A       N/A         5
 Curse of Agony           Necr           Unusable   N/A       N/A         5
 Bombard                  Conj/Erth      Unusable   9d1       N/A         6
 Death Channel            Necr           Unusable   N/A       N/A         6
 Sculpt Simulacrum        Ice/Alch       Unusable   N/A       N/A         6
 Lehudib's Crystal Spear  Conj/Erth      Unusable   10d2      N/A         8

Dungeon Overview and Level Annotations

Branches:
Dungeon (15/15)            Temple (0/1) D:7            Lair (5/5) D:10
  Swamp (0/4) Lair:2        Snake (4/4) Lair:3        Slime (0/5) Lair:4
    Orc (2/2) D:11            Elf (0/3) Orc:2        Vaults (0/5) D:13
 Depths (0/4) D:15          IceCv (visited)         Gauntlet (visited)

Altars:
Elyvilon
Nemelex Xobeh
Qazlal
Ru
Vehumet
Wu Jian
Zin

Shops:
D:6 *   D:9 :   D:13 (?*   Orc:2 ([*=   Snake:1 =

Portals:
Abyss: D:14

Annotations:
D:14 2 transporters, Pios Xaciraj's ghost, journeyman DgHW


Innate Abilities, Weirdness & Mutations

You have a pair of horns on your head.
Your magical capacity is low. (-10% MP)
You cannot be stealthy.
You are hated by all.
You cannot study or cast Earth magic.
You cannot study or cast Necromancy magic.
You cannot study or cast Alchemy magic.
You reflexively headbutt those who attack you in melee.
You cannot voluntarily change form.


Message History

Found a scroll of identify.
Aiming: Dig
Press: ? - help, Shift-Dir - straight line A rock wall.
The rock shatters into small pieces.
A guardian serpent and a naga warrior come into view.
The guardian serpent shouts!
The naga warrior shouts!
You hear a shout! x3
A salamander mystic comes into view.
It is wielding a +2 quarterstaff of holy wrath.
The guardian serpent begins to cast a spell, but is stunned by your conviction!
Unknown command.
The salamander tyrant hits you but does no damage.
The salamander tyrant rends the earth beneath you!
The blast of magma engulfs you! You partially resist.
* * * LOW HITPOINT WARNING * * *
The blast of magma engulfs the salamander tyrant!!
The salamander tyrant partially resists.
You hear a shout!
You hear an angry hiss.
Okay, then.
The naga sharpshooter shouts!
You hear a shout!
The naga sharpshooter begins to cast a spell, but is stunned by your conviction!
The naga sharpshooter shoots an arrow.
You block the arrow with an invisible shield... and reflect it back!
The arrow hits the naga sharpshooter!
The nagaraja casts a spell.
The nagaraja seems to speed up.
The guardian serpent begins to cast a spell, but is stunned by your conviction!
Aiming: Dig
Press: ? - help, Shift-Dir - straight line A rock wall.
The rock shatters into small pieces.
The naga sharpshooter gestures wildly while chanting.
You redirect the naga sharpshooter's attack!
The naga sharpshooter magically shoots an arrow.
The arrow hits the naga sharpshooter!
The salamander mystic gestures at the salamander while chanting.
The salamander seems to speed up.
You redirect the guardian serpent's attack!
The salamander tyrant rends the earth beneath you!
The blast of magma engulfs you! You partially resist.
You die...

.N.....# .
..........# ###.
N....N...##
...##....N......
⌠....##........#
...... #....NN.##
........#......≈#
...⌠....#.....≈.##
........#...NN..@#
........#....N..#.#
⌠.....?#....S..###.#
....?..#.......# #.#
......#..≈≈...## #.#
....##..N≈..### #.#
.#######.#### ## ##
##.# ..#


You could see a nagaraja (fast), a naga sharpshooter (wandering), a salamander
tyrant (unable to see you), a salamander mystic (unable to see you), 3
salamanders and a guardian serpent.

Vanquished Creatures
  Rupert (D:13)
  Jorgrun (Snake:2)
  Kirke (D:13)
  2 nagarajas (Snake:3)
  An orc warlord (Orc:1)
  8 vault guards (D:13)
  8 hydras
  A salamander tyrant (Snake:3)
  8 centaur warriors
  7 boulder beetles
  4 anacondas
  2 catoblepae
  11 naga warriors
  6 two-headed ogres
  A tengu warrior (D:15)
  6 death yaks
  A deep troll earth mage (D:15)
  4 orc high priests
  4 naga sharpshooters
  5 shock serpents (Snake:3)
  A salamander mystic (Snake:3)
  A skyshark (Lair:5)
  5 sea snakes
  2 goliath frogs (Lair:5)
  13 mana vipers
  2 bog bodies (IceCv)
  4 naga ritualists
  2 deep elf pyromancers
  A deep elf zephyrmancer (D:12)
  8 ugly things
  4 orc knights
  5 orc sorcerers
  2 manticores
  6 guardian serpents
  9 cyclopes
  32 black mambas
  An ice statue (IceCv)
  9 salamanders
  7 naga magi
  13 elephants
  Joseph (D:9)
  4 molten gargoyles (D:9)
  24 cane toads
  2 gargoyles
  An unseen horror (D:13)
  A kobold demonologist (D:10)
  2 anaconda simulacra (IceCv)
  3 rime drakes
  6 komodo dragons
  2 tengu conjurers
  5 trolls
  2 hornets
  4 polar bears
  2 tyrant leeches (Lair:5)
  Grinder (D:4)
  12 blink frogs
  2 shadows
  14 slime creatures
  2 dire elephant simulacra (IceCv)
  A water elemental (D:12)
  45 yaks
  4 hogs
  A basilisk (shapeshifter) (D:14)
  2 wyverns
  5 steam dragons
  6 basilisks
  3 wargs (Orc:1)
  3 death yak simulacra (IceCv)
  2 swamp worms (Lair:2)
  17 vampire mosquitoes
  2 harpy simulacra (IceCv)
  3 acid dragons
  33 nagas
  8 water moccasins
  A black bear (D:8)
  10 ice beasts
  31 orc warriors
  A sky beast (D:7)
  4 ogres
  11 wolves
  A phantom (D:6)
  A boggart (D:15)
  9 centaurs
  7 kobold brigands
  25 bullfrogs
  A scorpion (D:7)
  7 two-headed ogre simulacra (IceCv)
  7 cane toad simulacra (IceCv)
  A gnoll sergeant (D:9)
  13 wights
  2 elephant simulacra (IceCv)
  10 killer bees
  A howler monkey (D:6)
  4 electric eels
  2 lava snakes (D:9)
  6 hounds
  3 jellies
  24 orc priests
  A bombardier beetle (D:5)
  A jelly (shapeshifter) (D:14)
  3 iguanas
  3 sleepcaps
  33 orc wizards
  A polar bear simulacrum (IceCv)
  7 spriggan simulacra (IceCv)
  6 troll simulacra (IceCv)
  A wolf simulacrum (IceCv)
  9 gnolls
  3 naga simulacra (IceCv)
  5 adders
  21 white imps
  2 ufetubi (IceCv)
  A dart slug (D:4)
  A ribbon worm (D:2)
  86 orcs
  6 bats
  13 endoplasms
  5 giant cockroaches
  7 goblins
  5 hobgoblins
  2 jackals (D:2)
  6 quokkas
  7 ball pythons
  3 frilled lizards
  42 kobolds
  7 rats
903 creatures vanquished.

Vanquished Creatures (others)
  An anaconda (Snake:1)
  A naga ritualist (Snake:1)
  An orc knight (Orc:1)
  A cyclops (D:15)
  A manticore (D:15)
  A troll (D:12)
  2 slime creatures
  A naga (Snake:1)
  A vampire mosquito (Lair:5)
  An orc priest (Orc:2)
  4 orc wizards
  2 white imps
  2 orcs (Orc:2)
19 creatures vanquished.

Grand Total: 922 creatures vanquished

Notes
Turn   | Place    | Note
-------+----------+-------------------------------------------
     0 | D:1      | GordonOverkill the Minotaur Alchemist began the quest for
                  | the Orb.
     0 | D:1      | Reached XP level 1. HP: 14/14 MP: 1/1
    39 | D:1      | Reached skill level 1 in Fighting
    60 | D:1      | Got Bomumugu's Quarto of Immolation and Terrain
   108 | D:1      | Reached XP level 2. HP: 24/24 MP: 3/3
   273 | D:1      | Reached skill level 1 in Axes
   567 | D:1      | Reached skill level 2 in Axes
   703 | D:2      | Reached XP level 3. HP: 29/29 MP: 4/4
   721 | D:2      | You fall into a shaft and drop 2 floors!
   910 | D:2      | Reached skill level 3 in Axes
  2027 | D:3      | Found a faded altar of an unknown god.
  2035 | D:3      | Reached XP level 4. HP: 30/36 MP: 5/5
  2045 | D:3      | Reached skill level 4 in Axes
  2076 | D:3      | Prayed at the altar of an unknown god.
  2076 | D:3      | Became a worshipper of Ru the Awakened
  2087 | D:3      | Gained mutation: You cannot voluntarily change form. [Ru
                  | sacrifice]
  2556 | D:3      | Reached skill level 5 in Axes
  2965 | D:3      | Identified the +0 ring mail of Remio {Harm rF+}
  2983 | D:3      | Noticed a kobold brigand
  2990 | D:3      | Killed a kobold brigand
  2991 | D:3      | Reached skill level 6 in Axes
  2991 | D:3      | Reached XP level 5. HP: 26/41 MP: 6/6
  3246 | D:3      | Found a glowing silver altar of Zin.
  3859 | D:4      | Noticed Grinder
  3865 | D:4      | Paralysed by Grinder for 5 turns
  3874 | D:4      | Killed Grinder
  3875 | D:4      | Reached skill level 7 in Axes
  3875 | D:4      | Reached XP level 6. HP: 6/48 MP: 7/7
  4238 | D:4      | Reached skill level 8 in Axes
  4497 | D:5      | Entered Level 5 of the Dungeon
  4986 | D:4      | Reached XP level 7. HP: 33/55 MP: 8/8
  5290 | D:5      | Reached skill level 9 in Axes
  5901 | D:6      | Gained mutation: You are hated by all. [Ru sacrifice]
  5901 | D:6      | Reached * piety under Ru
  5901 | D:6      | Reached ** piety under Ru
  5920 | D:6      | Reached skill level 10 in Axes
  6079 | D:6      | Identified the +6 sling of Eternal Vigilance {drain, Will+
                  | Str+4}
  6100 | D:6      | Noticed a steam dragon
  6111 | D:6      | Killed a steam dragon
  6112 | D:6      | Reached XP level 8. HP: 39/61 MP: 9/9
  6514 | D:6      | Found Lusunitt's General Store.
  6524 | D:6      | Reached skill level 5 in Armour
  6661 | D:6      | Found a radiant altar of Vehumet.
  6668 | D:6      | Found a stormy altar of Qazlal.
  6670 | D:6      | Found a faded altar of an unknown god.
  6672 | D:6      | Found a sparkling altar of Nemelex Xobeh.
  6698 | D:6      | Noticed a hornet
  6703 | D:6      | Paralysed by a hornet for 3 turns
  6709 | D:6      | Killed a hornet
  6710 | D:6      | Reached skill level 5 in Fighting
  7191 | D:7      | Reached skill level 11 in Axes
  7231 | D:7      | Reached XP level 9. HP: 36/74 MP: 10/10
  7253 | D:7      | Reached skill level 12 in Axes
  7632 | D:6      | Reached skill level 13 in Axes
  8132 | D:7      | Found a staircase to the Ecumenical Temple.
  8138 | D:7      | Reached skill level 14 in Axes
  9048 | D:8      | Reached XP level 10. HP: 73/85 MP: 7/11
  9219 | D:8      | Found an ornate altar of the Wu Jian Council.
  9950 | D:9      | Found Keghoff's Book Shoppe.
 10096 | D:9      | Noticed a molten gargoyle
 10101 | D:9      | Noticed a molten gargoyle
 10108 | D:9      | Killed a molten gargoyle
 10109 | D:9      | Reached skill level 10 in Fighting
 10112 | D:9      | Killed a molten gargoyle
 10112 | D:9      | Noticed a molten gargoyle
 10124 | D:9      | Killed a molten gargoyle
 10128 | D:9      | Noticed a molten gargoyle
 10146 | D:9      | Killed a molten gargoyle
 10147 | D:9      | Reached skill level 15 in Axes
 11109 | D:9      | Noticed Joseph
 11122 | D:9      | Killed Joseph
 11783 | D:10     | Entered Level 10 of the Dungeon
 11797 | D:10     | Reached skill level 16 in Axes
 11829 | D:9      | Reached skill level 1 in Shields
 11919 | D:9      | Reached XP level 11. HP: 60/99 MP: 8/12
 12213 | D:10     | Reached skill level 5 in Shields
 12213 | D:10     | Reached skill level 1 in Evocations
 12229 | D:10     | Found a staircase to the Lair.
 12501 | D:10     | Gained mutation: Your magical capacity is low. (-10% MP)
                  | [Ru sacrifice]
 12517 | D:10     | Identified the +4 spear of Causality {flame, rF++ rCorr
                  | Dex-3}
 12699 | D:10     | Noticed a two-headed ogre
 12706 | D:10     | Killed a two-headed ogre
 12957 | D:11     | Noticed a two-headed ogre
 12965 | D:11     | Killed a two-headed ogre
 12966 | D:11     | Reached skill level 5 in Evocations
 13278 | D:11     | Noticed a two-headed ogre
 13286 | D:11     | Killed a two-headed ogre
 13718 | D:11     | Found a staircase to the Orcish Mines.
 14037 | D:11     | Reached skill level 17 in Axes
 14182 | D:12     | Noticed a brown ugly thing
 14287 | Lair:1   | Entered Level 1 of the Lair of Beasts
 14447 | Lair:1   | Reached skill level 18 in Axes
 14700 | Lair:1   | Reached XP level 12. HP: 53/106 MP: 11/11
 15089 | Lair:1   | Gained mutation: You cannot study or cast Earth magic. [Ru
                  | sacrifice]
 15089 | Lair:1   | Gained mutation: You cannot study or cast Alchemy magic.
                  | [Ru sacrifice]
 15089 | Lair:1   | Gained mutation: You cannot study or cast Necromancy magic.
                  | [Ru sacrifice]
 15089 | Lair:1   | Reached *** piety under Ru
 15570 | Lair:1   | Reached skill level 19 in Axes
 16249 | Lair:2   | Found a gate leading to a gauntlet.
 16279 | Gauntlet | Entered a Gauntlet
 16279 | Gauntlet | Found a transporter.
 16336 | Gauntlet | Found a transporter.
 16352 | Gauntlet | Found a transporter.
 16352 | Gauntlet | Noticed a ghost crab
 16356 | Gauntlet | Found a transporter.
 16371 | Gauntlet | Found a transporter.
 16374 | Gauntlet | Noticed a green death
 16388 | Gauntlet | Found a transporter.
 16392 | Gauntlet | Found a runed translucent door.
 16399 | Gauntlet | Noticed a green death
 16402 | Gauntlet | Found a transporter.
 16421 | Gauntlet | Found a transporter.
 16423 | Gauntlet | Found a transporter.
 16423 | Gauntlet | Noticed a hell hog
 16431 | Gauntlet | Found a transporter.
 16457 | Gauntlet | Found a transporter.
 16461 | Gauntlet | Found a transporter.
 16789 | Lair:2   | Noticed a four-headed hydra
 16802 | Lair:2   | Killed a four-headed hydra
 16803 | Lair:2   | Reached skill level 20 in Axes
 17171 | Lair:2   | Noticed a four-headed hydra
 17181 | Lair:2   | Killed a four-headed hydra
 17510 | Lair:2   | Found a staircase to the Swamp.
 18078 | Lair:3   | Found a staircase to the Snake Pit.
 18268 | Lair:3   | Found the +10 tower shield of Ignorance {rN+ Int-4}
 18434 | Lair:3   | Gained mutation: You cannot be stealthy. [Ru sacrifice]
 18434 | Lair:3   | Reached **** piety under Ru
 18522 | Lair:3   | Noticed an eight-headed hydra
 18530 | Lair:3   | Killed an eight-headed hydra
 19861 | Lair:4   | Found a staircase to the Slime Pits.
 19923 | Lair:4   | Reached XP level 13. HP: 122/122 MP: 12/12
 19974 | Lair:4   | Identified the +5 great mace of Wu Jian's Supremacy {spect,
                  | rPois rN+ Will+}
 20310 | Lair:4   | Found a frozen archway.
 20340 | IceCv    | Entered an ice cave
 20464 | IceCv    | Reached skill level 15 in Fighting
 24596 | Lair:5   | Entered Level 5 of the Lair of Beasts
 24893 | Lair:5   | Reached skill level 10 in Armour
 25715 | Lair:5   | Reached XP level 14. HP: 98/135 MP: 13/13
 27084 | Lair:5   | Identified a scroll of acquirement
 27086 | Lair:5   | Acquired 800 gold pieces
 27259 | D:12     | Reached skill level 10 in Evocations
 28654 | D:13     | Noticed Rupert
 28665 | D:13     | Killed Rupert
 28666 | D:13     | Reached skill level 10 in Shields
 28911 | D:13     | Found a gate to the Vaults.
 29071 | D:13     | Found Pilew's Assorted Antiques.
 29079 | D:13     | Bought a scroll of blinking for 225 gold pieces
 29079 | D:13     | Bought a scroll of fear for 120 gold pieces
 29079 | D:13     | Bought a scroll labelled DANLAQOCAETH for 30 gold pieces
 29138 | D:13     | Reached XP level 15. HP: 122/141 MP: 14/14
 29147 | D:13     | Noticed Kirke
 29520 | D:13     | Found Taowkih's Weapon Shop.
 29588 | D:13     | Found Onayh's Magic Scroll Shop.
 29599 | D:13     | Bought a scroll of fear for 68 gold pieces
 29599 | D:13     | Bought a scroll of silence for 161 gold pieces
 29627 | D:13     | Killed Kirke
 29800 | D:14     | Found a transporter.
 30115 | D:14     | Found a one-way gate to the infinite horrors of the Abyss.
 30116 | D:14     | Noticed Pios Xaciraj's ghost (journeyman DgHW)
 30126 | D:14     | Found a transporter.
 30585 | D:14     | Noticed a tentacled starspawn
 30651 | D:15     | Entered Level 15 of the Dungeon
 30951 | D:15     | Found a white marble altar of Elyvilon.
 31239 | D:15     | Found a staircase to the Depths.
 31256 | D:15     | Reached skill level 15 in Shields
 31475 | D:15     | Identified the +0 leather armour of Indomitability {Str+5
                  | Dex-4}
 31612 | Orc:1    | Entered Level 1 of the Orcish Mines
 31774 | Orc:1    | You fall into a shaft and drop 1 floor!
 31774 | Orc:2    | Entered Level 2 of the Orcish Mines
 31775 | Orc:2    | Found a staircase to the Elven Halls.
 31879 | Orc:2    | Paralysed by an orc sorcerer for 3 turns
 31893 | Orc:2    | HP: 3/134 [orc priest/divine providence (15)]
 32534 | Orc:2    | Paralysed by an orc sorcerer for 5 turns
 33434 | Orc:2    | Found Reuted's General Store.
 33435 | Orc:2    | Found Meofoito's Jewellery Shoppe.
 33437 | Orc:2    | Found Toaluiggiy's Antique Armour Emporium.
 33437 | Orc:2    | Found Coriwouk's Antique Weapon Emporium.
 33442 | Orc:2    | Bought a scroll of brand weapon for 133 gold pieces
 33460 | Orc:2    | Bought an ancient broad axe for 279 gold pieces
 33460 | Orc:2    | Identified the +1 broad axe of Ciasohif {holy, ^Fragile
                  | rCorr Int+2 Stlth+} (You bought it in a shop on level 2 of
                  | the Orcish Mines)
 33699 | Orc:2    | Bought a scroll of teleportation for 42 gold pieces
 33699 | Orc:2    | Bought a wand of digging (6) for 352 gold pieces
 33921 | Snake:1  | Entered Level 1 of the Snake Pit
 34295 | Snake:1  | Reached XP level 16. HP: 149/149 MP: 15/15
 34858 | Snake:1  | Found Mulib's Jewellery Shop.
 35712 | Snake:2  | Noticed Jorgrun
 35727 | Snake:2  | Killed Jorgrun
 36929 | Snake:3  | Identified the +0 ring mail "Cutriadaa" {rPois Stlth+}
 37166 | Snake:3  | Reached skill level 15 in Evocations
 39892 | Snake:4  | Entered Level 4 of the Snake Pit
 39914 | Snake:4  | HP: 5/149 [guardian serpent/bolt of poison (3)]
 39926 | Snake:4  | HP: 6/149 [salamander tyrant (14)]
 39932 | Snake:4  | Killed from afar by a salamander tyrant

Illustrated notes

Levels and vault maps discovered:
D:1:      dpeg_arrival_tiny_k, layout_rooms
D:2:      minmay_spotlight, layout_basic
D:3:      cheibrodos_pilgrimage, layout_basic, zin_statuary,
          ebering_ecumenical_altar_petrified, amcnicky_mini_rare_corridor_liquid
D:4:      layout_loops_corners, uniq_grinder
D:5:      layout_loops_cross, minmay_misc_feat_ornament, nicolae_letterblocks
          [nicolae_letter_subblock, nicolae_letter_subblock,
          nicolae_letter_subblock, nicolae_letter_subblock,
          nicolae_letter_subblock, nicolae_letter_subblock,
          nicolae_letter_subblock, nicolae_letter_subblock,
          nicolae_letter_subblock, nicolae_letter_subblock,
          nicolae_letter_subblock, nicolae_letter_subblock,
          nicolae_letter_subblock, nicolae_letter_subblock,
          nicolae_letter_subblock, nicolae_letter_subblock,
          nicolae_letter_subblock, nicolae_letter_subblock,
          nicolae_letter_subblock, nicolae_letter_subblock,
          nicolae_letter_subblock, nicolae_letter_subblock,
          nicolae_letter_subblock, nicolae_letter_subblock,
          nicolae_letter_subblock]
D:6:      layout_basic, chequers_temple_overflow_minitemple, serial_shops, shop,
          chequers_decorated_corner
D:7:      cheibrodos_barr_body, layout_basic, fedhas_altar_3,
          minmay_temple_entry_grid
D:8:      layout_basic, nzn_wu_jian_council_hall
D:9:      kennysheep_kobold_camp, layout_layer_cave, mainiacjoe_overflow_paths,
          serial_shops, nicolae_book_shop_shelving, minivault_8, uniq_joseph
D:10:     layout_irregular_city, hellmonk_lair_entry_icy
D:11:     layout_roguey, orc_0_dummy
D:12:     hangedman_cross_stitches, layout_irregular_city, kennysheep_potato
D:13:     layout_gridville, erik_vaults_2, serial_shops,
          nicolae_shop_bloodbath_and_beyond, shop_fountains, shop, uniq_rupert,
          uniq_kirke
D:14:     layout_basic, gammafunk_ghost_abyssal_escape,
          chequers_serial_rivers_small_b
D:15:     hellmonk_depths_entry_around_the_bend, layout_long_grid,
          elyvilon_altar_3
Lair:1:   layout_hall_layers, serial_rivers, chequers_serial_rivers_marsh,
          chequers_serial_rivers_micro_e, chequers_serial_rivers_micro_d,
          chequers_serial_rivers_room_a, chequers_serial_rivers_marsh,
          beast_lair_carwin_11, infiniplex_staircase_pool
Lair:2:   layout_concentric_octagons, nicolae_swamp_entry_splash_gauntlet,
          gauntlet_entry_generic
Lair:3:   layout_cellular_growth, alex1729_snake_entry_snake, grunt_megastairs_4
Lair:4:   layout_cellular_growth, nicolae_slime_entry_slimehenge,
          portal_ice_cave_entry_imps
Lair:5:   minmay_lair_end_frog_pond, layout_big_grid
Snake:1:  nicolae_snake_unarmed_stairs_patrol, layout_gridlike, serial_shops,
          nicolae_take_the_stairs, serial_library_regret_index_small_wings
Snake:2:  nicolae_snake_attic_fulla_snakes, layout_rooms, uniq_jorgrun
Snake:3:  nicolae_snake_hallway, layout_misc_corridors, lemuel_fruit_tree,
          grunt_megastairs_3, serial_bayou_shore_a
Snake:4:  snake_hunt, layout_cave_town, st_stairs_12
Orc:1:    layout_diamond_mine, serial_shops, shop
Orc:2:    st_orc_congregation, layout_caves

Skill      XL: |  1  2  3  4  5  6  7  8  9 10 11 12 13 14 15 16 |
---------------+-------------------------------------------------+-----
Fighting       | 2 5 8 10 13 15 | 15.0
Axes           | 2 3 6 7 8 10 11 14 16 18 20 | 20.0
Armour         | 4 5 10 | 10.0
Shields        | 3 5 11 15 | 15.0
Evocations     | 5 7 10 12 16 | 16.2
Alchemy        | 0 |  0.0
Stealth        | 0 |  0.0
Dodging        | |  2.1
Spellcasting   | |  1.3
Conjurations   | |  0.6

Action                     |  1- 3 |  4- 6 |  7- 9 | 10-12 | 13-15 | 16-18 || total
---------------------------+-------+-------+-------+-------+-------+-------++-------
  Melee: Unarmed           |     8 |       |       |       |       |       ||     8
         Spear             |   124 |    30 |       |       |       |       ||   154
         Headbutt          |    19 |    23 |   100 |   155 |   391 |    96 ||   784
         Dagger            |     2 |       |       |       |       |       ||     2
         Punch             |     1 |       |       |       |       |       ||     1
         Whip              |       |    73 |   381 |    70 |       |       ||   524
         War axe           |       |       |       |   590 |  1463 |       ||  2053
         Morningstar       |       |       |       |    18 |    18 |       ||    36
         Broad axe         |       |       |       |       |    43 |   455 ||   498
  Throw: Boomerang         |       |       |       |     4 |    10 |       ||    14
         Dart              |       |       |       |       |     2 |       ||     2
 Invoke: Sacrifice Forms   |       |     1 |       |       |       |       ||     1
         Sacrifice Love    |       |       |     1 |       |       |       ||     1
         Reject Sacrifices |       |       |     1 |       |     3 |       ||     4
         Sacrifice Essence |       |       |       |     1 |       |       ||     1
         Sacrifice Stealth |       |       |       |     1 |       |       ||     1
         Sacrifice Arcana  |       |       |       |     1 |       |       ||     1
  Evoke: Wand              |       |       |     2 |     3 |       |     3 ||     8
         Lightning rod     |       |       |       |       |     6 |       ||     6
         Condenser vane    |       |       |       |       |     1 |       ||     1
    Use: Potion            |       |     6 |     2 |     3 |     8 |     7 ||    26
         Scroll            |       |     8 |     8 |     4 |    19 |    12 ||    51
   Stab: Sleeping          |     1 |       |       |       |       |       ||     1
         Invisible         |       |       |     1 |     1 |     1 |     3 ||     6
         Distracted        |       |       |       |     1 |     6 |     3 ||    10
         Petrified         |       |       |       |       |       |     2 ||     2
 Armour: Robe              |    32 |       |       |       |       |       ||    32
         Ring mail         |    52 |       |       |       |       |    64 ||   116
         Scale mail        |    10 |    64 |    13 |       |       |       ||    87
         Skin              |       |    10 |       |       |     5 |       ||    15
         Chain mail        |       |       |    85 |       |       |       ||    85
         Plate armour      |       |       |   144 |   550 |   698 |   104 ||  1496
         Leather armour    |       |       |       |       |    11 |       ||    11
  Dodge: Dodged            |    86 |    30 |   101 |   128 |    88 |    31 ||   464
  Block: Buckler           |       |    15 |    54 |   213 |       |       ||   282
         Tower shield      |       |       |       |    33 |  1894 |   633 ||  2560
         Reflection        |       |       |       |     4 |    67 |    71 ||   142
         Other             |       |       |       |       |     2 |       ||     2
